 Dungeon Crawl Stone Soup version 0.31-a0-1540-g5a0b83f448 (webtiles) character file.

Game seed: 6806437362835090850

208769 croobank the Spry (level 18, -10/104 HPs)
             Began as a Felid Delver on Dec 31, 2023.
             Was an Initiate of Gozag.
             Shot with an arrow by a deep elf master archer (33 damage)
             ... on level 3 of the Elven Halls on Jan 1, 2024.
             The game lasted 04:47:34 (59261 turns).

croobank the Spry (Felid Delver)                   Turns: 59261, Time: 04:47:35

Health: -10/104    AC:  3    Str:  8    XL:     18   Next: 51%
Magic:  27/36      EV: 35    Int: 28    God:    Gozag
Gold:   637        SH:  0    Dex: 21    Spells: 2/43 levels left
                                        Lives:  0   Deaths: 6

rFire   + +          .
                       - Unarmed
rCold   + + +        (shield unavailable)
rNeg    . . .        (body armour unavailable)
rPois   +            (helmet unavailable)
rElec   +            (cloak unavailable)
rCorr   +            (gloves unavailable)
SInv    +            (boots unavailable)
Will    ++...        T - amulet of regeneration
Stlth   ++++         u - ring "Mabbesch" {rF+ rC+ Dex+3}
HPRegen 1.17/turn    g - +6 ring of intelligence
MPRegen 0.25/turn

%: no passive effects
@: mighty, blade hands, resistant
A: very small, (claws 1), fangs 3, see invisible, shaggy fur 3, (stealthy paws),
no weapons or thrown items, no armour, multi-lived
a: Begin Untransformation, Renounce Religion, Potion Petition, Call Merchant,
Bribe Branch


You were on level 3 of the Elven Halls.
You worshipped Gozag.
Gozag was pleased with you.
You had blades for front paws.
You visited 7 branches of the dungeon, and saw 34 of its levels.

You collected 11187 gold pieces.
You spent 2867 gold pieces at shops.
You paid 7683 gold pieces to Gozag.

Inventory:

Jewellery
 b - the ring "Zajai" {rC+ rN+ Dex+2 SInv}
   (You found it on level 4 of the Dungeon)

   [ring of see invisible]

   Dex+2:     It affects your dexterity (+2).
   rC+:       It protects you from cold.
   rN+:       It protects you from negative energy.
   SInv:      It lets you see invisible.
 d - a ring of resist corrosion
 g - a +6 ring of intelligence (right blade hand)
 p - a ring of willpower
 q - a +6 ring of intelligence
 r - a ring of wizardry
 u - the ring "Mabbesch" (left blade hand) {rF+ rC+ Dex+3}
   (You bought it in a shop on level 1 of the Snake Pit)

   [ring of protection from cold]

   Dex+3:     It affects your dexterity (+3).
   rF+:       It protects you from fire.
   rC+:       It protects you from cold.
 v - a +5 ring of evasion
 z - a ring of flight
 A - a +4 ring of protection
 C - a ring of wizardry
 K - a ring of protection from fire
 L - the ring of Eniepori {rC+ Will+ MP+9 Stlth+}
   (You acquired it on level 1 of the Snake Pit)

   [ring of magical power]

   rC+:       It protects you from cold.
   Will+:     It increases your willpower.
   MP+9:      It affects your magic capacity (+9).
   Stlth+:    It makes you more stealthy.
 N - a ring of ice
 P - a ring of positive energy
 T - an amulet of regeneration (around neck)
 U - a +6 ring of dexterity
Talismans
 h - a blade talisman (active)
 S - a granite talisman
Wands
 f - a wand of flame (16)
 j - a wand of paralysis (7)
 m - a wand of iceblast (19)
 o - a wand of polymorph (8)
 w - a wand of acid (9)
 E - a wand of mindburst (4)
Scrolls
 a - a scroll of fog
 e - 3 scrolls of teleportation
 i - 5 scrolls of amnesia
 x - 5 scrolls of poison
 G - 2 scrolls of torment
 I - 2 scrolls of noise
 J - 2 scrolls of revelation
 O - 7 scrolls of identify
 Q - 2 scrolls of silence
 R - 2 scrolls of vulnerability
Potions
 c - 2 potions of might
 k - 6 potions of enlightenment
 l - 3 potions of mutation
 n - a potion of resistance
 s - a potion of ambrosia
 t - 2 potions of brilliance
 B - 5 potions of lignification
 D - a potion of attraction
 F - 6 potions of berserk rage
 H - a potion of curing
Miscellaneous
 y - a lightning rod (4/4)
 M - a box of beasts


   Skills:
 - Level 15.0 Fighting
 - Level 19.0 Dodging
 - Level 8.0 Stealth
 - Level 5.0 Unarmed Combat
 - Level 13.0 Spellcasting
 - Level 7.0 Hexes
 - Level 14.0 Summonings
 - Level 10.0 Translocations
 - Level 5.0 Fire Magic
 - Level 7.0 Alchemy
 - Level 7.8 Evocations
 + Level 11.2 Shapeshifting


You had 2 spell levels left.
You knew the following spells:

 Your Spells              Type           Power      Damage    Failure   Level
a - Summon Small Mammal   Summ           100%       N/A       0%          1
c - Call Canine Familiar  Summ           77%        N/A       1%          3
d - Summon Blazeheart Go  Fire/Summ      63%        N/A       1%          4
e - Summon Lightning Spi  Summ/Air       55%        N/A       1%          4
f - Summon Mana Viper     Hex/Summ       67%        N/A       1%          5
g - Summon Forest         Summ/Tloc      35%        N/A       1%          5
h - Summon Cactus Giant   Summ           38%        N/A       1%          6
A - Apportation           Tloc           100%       N/A       1%          1
O - Olgreb's Toxic Radia  Alch           55%        N/A       1%          4
T - Tukima's Dance        Hex            55%        N/A       1%          3
Y - Yara's Violent Unrav  Hex/Alch       27%        3d12      4%          5

Your spell library contained the following spells:

 Spells                   Type           Power      Damage    Failure   Level
 Slow                     Hex            100%       N/A       1%          1
 Sting                    Conj/Alch      100%       1d9       1%          1
 Cigotuvi's Dreadful Rot  Necr/Alch/Air  62%        N/A       1%          2
 Jinxbite                 Hex            100%       N/A       1%          2
 Mercury Vapours          Alch/Air       74%        N/A       1%          2
 Kiss of Death            Conj/Necr      72%        2d10      3%          1
 Necrotise                Necr           72%        1d7       3%          1
 Sandblast                Erth           36%        2d10      3%          1
 Shock                    Conj/Air       72%        1d7       3%          1
 Static Discharge         Conj/Air       36%        3-5/arc   4%          2
 Confusing Touch          Hex            55%        N/A       1%          3
 Dazzling Flash           Conj/Hex       74%        N/A       1%          3
 Gell's Gravitas          Tloc           65%        N/A       1%          3
 Inner Flame              Hex/Fire       51%        N/A       1%          3
 Sigil of Binding         Hex            55%        N/A       1%          3
 Summon Ice Beast         Ice/Summ       55%        N/A       1%          3
 Teleport Other           Tloc           65%        N/A       1%          3
 Volatile Blastmotes      Fire/Tloc      100%       2d18      1%          3
 Martyr's Knell           Necr/Summ      55%        N/A       1%          4
 Passage of Golubria      Tloc           65%        N/A       1%          4
 Ignite Poison            Fire/Alch      51%        N/A       2%          4
 Sticky Flame             Fire/Alch      51%        2d9       2%          4
 Vhi's Electric Charge    Tloc/Air       92%        N/A       3%          4
 Alistair's Intoxication  Alch           36%        N/A       4%          5
 Leda's Liquefaction      Alch/Erth      18%        N/A       7%          4
 Dispersal                Tloc           32%        N/A       8%          6
 Hailstorm                Conj/Ice       18%        3d7       9%          3
 Passwall                 Erth           18%        N/A       9%          3
 Stone Arrow              Conj/Erth      36%        3d9       9%          3
 Swiftness                Air            18%        N/A       9%          3
 Vampiric Draining        Necr           18%        2d7       9%          3
 Flame Wave               Conj/Fire      32%        2d9       11%         4
 Airstrike                Air            9%         2d(2-18)  28%         4
 Brom's Barrelling Bould  Conj/Erth      18%        2d4       28%         4
 Dispel Undead            Necr           18%        3d11      28%         4
 Arcjolt                  Conj/Air       9%         1d19      63%         5
 Curse of Agony           Necr           18%        N/A       63%         5
 Freezing Cloud           Conj/Ice/Air   9%         6-21      63%         5
 Iskenderun's Battlesphe  Conj           18%        2d7       63%         5
 Lee's Rapid Deconstruct  Erth           9%         3d7*      63%         5
 Spellforged Servitor     Conj/Summ      27%        N/A       80%         7
 Plasma Beam              Fire/Air       16%        2x1d27    85%         6
 Starburst                Conj/Fire      16%        6d6       85%         6
 Disjunction              Tloc           32%        N/A       97%         8
 Bombard                  Conj/Erth      9%         9d2       99%         6
 Conjure Ball Lightning   Conj/Air       9%         3x3d6     99%         6
 Borgnjor's Revivificati  Necr           9%         N/A       100%        8
 Discord                  Hex            27%        N/A       100%        8
 Maxwell's Capacitive Co  Air            9%         ∞         100%        8
 Dimensional Bullseye     Hex/Tloc       Unusable   N/A       N/A         4
 Sculpt Simulacrum        Ice/Alch       Unusable   N/A       N/A         6

Dungeon Overview and Level Annotations

Branches:
Dungeon (15/15)            Temple (1/1) D:7            Lair (5/5) D:11
  Swamp (4/4) Lair:2        Snake (4/4) Lair:2        Slime (0/5) Lair:4
    Orc (2/2) D:12            Elf (3/3) Orc:2        Vaults (0/5) D:14
 Depths (0/4) D:15

Altars:
Ashenzari
Cheibriados
Dithmenos
Elyvilon
Fedhas
Gozag
Hepliaklqana
Kikubaaqudgha
Makhleb
Nemelex Xobeh
Okawaru
Qazlal
Ru
Sif Muna
Trog
Uskayaw
Vehumet
Wu Jian
Xom
Yredelemnul
Zin
The Shining One
Jiyva

Shops:
D:1 *   D:15 (   Orc:1 ?=?   Orc:2 ::(   Snake:1 *

Annotations:
D:14 Need digging wand
Swamp:3 exclusion: downstairs
Snake:2 Vashnia
Snake:3 exclusion: 2 downstairs
Snake:4 Bai Suzhen


Innate Abilities, Weirdness & Mutations

You have blades for front paws.
((You have sharp claws.))
You have razor-sharp teeth.
You have supernaturally acute eyesight. (SInv)
Your thick and shaggy fur keeps you warm. (AC +3, rC+)
((Your paws help you pounce on unaware monsters.))
You are incapable of wielding weapons or throwing items.
You cannot wear armour.
You gain extra lives every three experience levels.


Message History

c - 2 potions of might (gained 1)
Found a ring mail and a book of Spontaneous Combustion.
Casting: Yara's Violent Unravelling (dangerous; 4% risk of failure)
Confirm with . or Enter, or press ? or * to list all spells.
A mana viper appears with a sibilant hiss.
The deep elf master archer wields a +0 longbow.
The deep elf master archer shoots an arrow.
The arrow hits you!!
The deep elf master archer shoots an arrow.
The arrow closely misses you.
You see here a book of Spontaneous Combustion.
The deep elf master archer shoots an arrow.
The arrow hits you!!
The deep elf master archer shoots an arrow.
The arrow hits you!!
* * * LOW HITPOINT WARNING * * *
Casting: Summon Mana Viper (mildly dangerous; 1% risk of failure)
Confirm with . or Enter, or press ? or * to list all spells.
A mana viper appears with a sibilant hiss.
Your mana viper disappears in a puff of smoke!
The deep elf master archer shoots an arrow.
The arrow closely misses you.
The deep elf master archer shoots an arrow.
The arrow misses you.
Aiming: Paralyse
Press: ? - help, Shift-Dir - straight line, f - deep elf master archer
Aim: a deep elf master archer, wielding a +0 longbow and wearing a +0 plate armour (ally target, chance to affect: 8%)
Okay, then.
Okay, then.
Okay, then. [a] - 264 gold - brilliance and magic [b] - 392 gold - resistance and might [c] - 435 gold - haste and enlightenment Purchase which effect?
You no longer have enough gold to fund merchants seeking to open stores in the dungeon.
You feel protected.
You feel very mighty all of a sudden.
The deep elf master archer shoots an arrow.
The arrow hits you!!
You die...
Your body crumbles into a pile of gold.

#.#.#######[=e?***,,,,,*,,,***,,,
#..########[?/),,****+**,,***,,,,
*.#* **,,,,,,,,,,*,,,,*,,,,,
..#***** ***,,,,,,,,*,,,,,,,,,,
#,,,,,,** ****,,,,,*,,,,,,,***
,,,,,,,,** ##########**,*******
,,,,,,,,,* #....#S..,,,,*
*,,,,,.#*###....#e#******
#.****#.##.....:@.#
...,,,,........§..#
#.#*****#.........# #.#
##[#....### #.# ##.....# #.#
##....# ..# ##.### #.## #.# *####
)..## #.# *...#


You could see a deep elf master archer (ally target) and a friendly mana viper
(summoned).

Vanquished Creatures
  Jorgrun (D:12)
  Mlioglotl (Swamp:1)
  A nagaraja (Snake:3)
  An orc warlord (Orc:1)
  A deep elf death mage (Elf:1)
  An eleionoma (Swamp:2)
  Josephine (D:11)
  3 hydras (Lair:5)
  An ogre mage (Orc:1)
  Harold (D:9)
  An alligator (Swamp:1)
  An anaconda (Snake:1)
  A centaur warrior (Orc:2)
  A catoblepas (Lair:1)
  3 two-headed ogres
  A boulder beetle (Lair:5)
  3 naga warriors
  An orc high priest (Orc:1)
  2 death yaks (Lair:5)
  A shock serpent (Snake:2)
  6 naga sharpshooters
  Sonja (Orc:2)
  A salamander mystic (Snake:2)
  A sea snake (Snake:2)
  7 deep elf pyromancers
  A necromancer (Elf:1)
  5 orc knights
  6 deep elf zephyrmancers
  A mana viper (Snake:1)
  An orc sorcerer (Orc:1)
  An ugly thing (D:11)
  A manticore (D:15)
  A cyclops (Orc:1)
  7 kobold blastminers
  A naga mage (Snake:2)
  9 black mambas
  2 unseen horrors (D:12)
  A torpor snail (Lair:1)
  A rime drake (Lair:5)
  17 cane toads
  5 large abominations (Elf:1)
  4 komodo dragons
  6 trolls
  A polar bear (Lair:5)
  2 red devils (Orc:2)
  A hornet (Swamp:1)
  3 tyrant leeches
  9 blink frogs
  A meliai zombie (D:13)
  8 slime creatures
  4 wyverns
  A vampire (D:13)
  A spriggan (Swamp:1)
  3 wraiths (D:11)
  35 yaks
  3 basilisks
  3 steam dragons
  4 wargs (Orc:1)
  4 vampire mosquitoes
  A swamp worm (Swamp:2)
  8 nagas
  An acid dragon (D:10)
  9 water moccasins
  A nameless horror (Elf:2)
  18 orc warriors
  5 centaurs
  4 wolves (Lair:5)
  6 ogres (Orc:1)
  2 phantoms (D:6)
  An elf zombie (Elf:1)
  4 kobold brigands
  6 bullfrogs
  3 scorpions
  3 killer bees
  3 howler monkeys (D:13)
  4 electric eels
  2 hounds
  A jelly (D:5)
  8 orc priests
  A sleepcap (D:4)
  Natasha (twice) (D:3)
  2 iguanas
  11 orc wizards
  Robin (D:2)
  7 gnolls
  9 adders
  A shadow imp (D:7)
  2 white imps
  An ufetubus (D:6)
  4 dart slugs
  A ribbon worm (D:2)
  35 orcs
  8 ball pythons
  9 bats
  4 endoplasms
  3 giant cockroaches (D:1)
  16 goblins
  2 hobgoblins
  4 jackals (D:1)
  3 quokkas
  2 frilled lizards
  17 kobolds
  3 rats (D:1)
434 creatures vanquished.

Vanquished Creatures (collateral kills)
  2 deep elf blademasters
  Roxanne (Swamp:2)
  2 fenstrider witches
  4 deep elf sorcerers
  4 deep elf elementalists (Elf:3)
  Louise (Swamp:2)
  A stone giant (D:15)
  An ironbound thunderhulk (D:14)
  3 deep elf death magi
  5 eleionomae
  2 deep elf annihilators (Elf:3)
  3 deep elf demonologists (Elf:3)
  3 bunyips
  An entropy weaver (shapeshifter) (D:13)
  4 deep elf high priests (Elf:3)
  A vault guard (D:14)
  12 anacondas
  8 hydras
  A ghost crab (Swamp:2)
  9 alligators
  3 boulder beetles
  A death yak (Lair:5)
  A tengu warrior (D:15)
  3 centaur warriors (D:14)
  23 dancing weapons
  5 naga warriors
  3 death knights
  An orc high priest (Elf:1)
  2 naga sharpshooters (Snake:3)
  7 shock serpents
  A hell knight (D:15)
  14 deep elf knights
  2 skeletal warriors
  Lodul (D:14)
  A skyshark (Lair:5)
  5 goliath frogs
  A sea snake (Snake:2)
  A salamander mystic (Snake:2)
  3 naga ritualists
  8 swamp dragons
  5 spriggan druids
  A large abomination (Elf:1)
  5 bog bodies
  8 deep elf archers
  2 necromancers (D:15)
  A phantasmal warrior (D:15)
  15 deep elf pyromancers
  A wolf spider zombie (D:13)
  8 mana vipers
  15 deep elf zephyrmancers
  7 ugly things
  An orc sorcerer (Orc:2)
  2 manticores
  A cyclops (D:15)
  4 will-o-the-wisps (Swamp:3)
  4 salamanders
  Joseph (Lair:1)
  2 centaur zombies (D:13)
  4 kobold blastminers
  A guardian serpent (Snake:3)
  2 cane toads (Lair:3)
  17 black mambas
  12 naga magi
  2 rime drakes
  2 freezing wraiths (D:15)
  A yaktaur (shapeshifter) (D:14)
  Psyche (D:9)
  An efreet (D:15)
  A red devil (Orc:2)
  2 trolls
  9 hornets
  2 blink frogs (Lair:5)
  9 tyrant leeches
  2 air elementals
  A meliai zombie (D:13)
  A slime creature (D:11)
  2 vampires
  A spriggan (shapeshifter) (D:14)
  4 water elementals
  10 yaks
  A shadow (D:9)
  3 fire elementals
  3 humans (D:14)
  10 spriggans
  4 wraiths
  3 basilisks
  15 vampire mosquitoes
  9 swamp worms
  25 nagas
  An acid dragon (D:14)
  5 water moccasins
  3 swamp drakes (Swamp:4)
  A nameless horror (Swamp:3)
  2 black bears (D:6)
  15 orc warriors
  4 boggarts (D:14)
  2 wolves (Lair:5)
  15 ogres
  A phantom (D:7)
  7 centaurs
  7 bullfrogs
  An elf zombie (Elf:1)
  2 earth elementals (Elf:1)
  A scorpion (D:5)
  A gnoll sergeant (D:10)
  5 killer bees
  A howler monkey (D:6)
  2 hounds
  A bombardier beetle (D:5)
  3 orc priests
  An iguana (D:6)
  4 sleepcaps
  5 orc wizards
  Natasha (D:3)
  5 gnolls
  An ufetubus (D:6)
  34 orcs
  A ball python (D:4)
  A giant cockroach (D:4)
  12 kobolds
542 creatures vanquished.

Vanquished Creatures (others)
  2 deep elf knights
  2 bloated husks
  A tyrant leech (Swamp:2)
  22 dancing weapons
  A spriggan (Swamp:1)
  A nameless horror (Swamp:3)
  An orc warrior (D:9)
  121 blazeheart cores
  4 foxfires (Swamp:3)
  17 snaplasher vines
172 creatures vanquished.

Grand Total: 1148 creatures vanquished

Notes
Turn   | Place    | Note
-------+----------+-------------------------------------------
     0 | D:5      | croobank the Felid Delver began the quest for the Orb.
     0 | D:5      | Reached XP level 1. HP: 12/12 MP: 2/2
    16 | D:6      | Noticed an orc warrior
    25 | D:6      | Noticed a black bear
    61 | D:5      | Noticed a sleepcap
    99 | D:5      | Reached skill level 3 in Dodging
    99 | D:5      | Reached XP level 2. HP: 7/16 MP: 3/3
   348 | D:5      | Noticed a scorpion
   354 | D:5      | Slain by a scorpion
   354 | D:5      | Lost a life (0 lives remaining)
   364 | D:5      | Found a shimmering altar of Xom.
   432 | D:4      | Reached XP level 3. HP: 20/20 MP: 4/4
   434 | D:4      | Learned a level 1 spell: Apportation
   446 | D:4      | Identified the ring "Zajai" {rC+ rN+ Dex+2 SInv}
   498 | D:3      | Noticed Natasha
   513 | D:3      | Killed Natasha
   514 | D:3      | Reached XP level 4. HP: 10/25 MP: 5/5
   514 | D:3      | Gained a life (1 life remaining)
   718 | D:3      | Found a broken altar of Ashenzari.
   760 | D:2      | Learned a level 2 spell: Jinxbite
  1094 | D:1      | Reached skill level 4 in Dodging
  1433 | D:1      | Found Moemy's General Store.
  1440 | D:1      | Bought a potion of degeneration for 14 gold pieces
  1908 | D:2      | Reached XP level 5. HP: 29/29 MP: 1/6
  2216 | D:2      | Noticed Robin
  2353 | D:2      | Killed Robin
  2903 | D:3      | Learned a level 1 spell: Summon Small Mammal
  2934 | D:3      | Noticed Natasha
  2942 | D:3      | Killed Natasha
  3262 | D:3      | Noticed Natasha
  3274 | D:3      | Killed Natasha
  3275 | D:3      | Gained mutation: You are covered in thick fur. (AC +2)
                  | [Felid growth]
  3275 | D:3      | Reached XP level 6. HP: 12/33 MP: 2/7
  3491 | D:4      | Reached skill level 1 in Hexes
  3741 | D:4      | Found a glowing silver altar of Zin.
  3974 | D:4      | Reached skill level 1 in Summonings
  4084 | D:4      | Reached skill level 1 in Spellcasting
  4379 | D:5      | Killed an orc warrior
  4436 | D:5      | Learned a level 3 spell: Call Canine Familiar
  4564 | D:5      | Reached XP level 7. HP: 37/37 MP: 5/10
  4564 | D:5      | Gained a life (2 lives remaining)
  4782 | D:5      | Reached skill level 5 in Hexes
  5305 | D:6      | Found a basalt altar of Yredelemnul.
  5455 | D:6      | Reached XP level 8. HP: 41/42 MP: 4/13
  5460 | D:6      | Learned a level 4 spell: Summon Blazeheart Golem
  5695 | D:6      | Reached skill level 1 in Fire Magic
  5819 | D:6      | Reached skill level 5 in Summonings
  6967 | D:7      | Found a sparkling altar of Nemelex Xobeh.
  7347 | D:7      | Reached XP level 9. HP: 43/45 MP: 10/16
  7668 | D:7      | Found a staircase to the Ecumenical Temple.
  7677 | Temple   | Entered the Ecumenical Temple
  7702 | Temple   | Became a worshipper of Gozag Ym Sagoz the Greedy
  8242 | D:8      | Reached skill level 5 in Spellcasting
  8257 | D:8      | Reached skill level 5 in Dodging
  8911 | D:9      | Noticed Psyche
  8952 | D:9      | Noticed Harold
  8973 | D:9      | Killed Harold
  9103 | D:9      | Reached skill level 5 in Fighting
  9255 | D:9      | Reached skill level 6 in Dodging
  9316 | D:9      | Killed Psyche
  9321 | D:9      | Reached XP level 10. HP: 42/51 MP: 20/20
  9603 | D:9      | Found a snail-covered altar of Cheibriados.
 10192 | D:10     | Entered Level 10 of the Dungeon
 10749 | D:10     | Reached skill level 7 in Dodging
 10844 | D:10     | Reached skill level 5 in Fire Magic
 12334 | D:11     | Noticed a green ugly thing
 12344 | D:11     | Killed a green ugly thing
 12363 | D:11     | Reached skill level 8 in Dodging
 12363 | D:11     | Reached XP level 11. HP: 58/58 MP: 15/24
 12520 | D:11     | Identified the +1 arbalest "Xonwysem" {antimagic, Dex+4}
 12530 | D:11     | Found a staircase to the Lair.
 12547 | D:11     | Found Zin's Purification Station.
 12547 | D:11     | Found a glowing silver altar of Zin.
 12555 | D:11     | Bought a potion of curing for 90 gold pieces
 13472 | D:12     | Noticed Josephine
 13672 | D:11     | Killed Josephine
 14863 | D:12     | Reached skill level 9 in Dodging
 15004 | D:12     | Noticed a two-headed ogre
 15014 | D:12     | Killed a two-headed ogre
 15160 | D:12     | Noticed Jorgrun
 15174 | D:12     | Annihilated by Jorgrun
 15174 | D:12     | Lost a life (1 life remaining)
 15236 | D:12     | Killed Jorgrun
 15392 | D:12     | Found a staircase to the Orcish Mines.
 15411 | D:12     | Noticed a deep elf pyromancer
 15681 | Lair:1   | Entered Level 1 of the Lair of Beasts
 15723 | Lair:1   | Reached skill level 10 in Dodging
 15723 | Lair:1   | Reached skill level 10 in Spellcasting
 15724 | Lair:1   | Gained mutation: Your thick and shaggy fur keeps you warm.
                  | (AC +3, rC+) [Felid growth]
 15724 | Lair:1   | Reached XP level 12. HP: 64/64 MP: 17/27
 15724 | Lair:1   | Gained a life (2 lives remaining)
 16300 | Lair:1   | Learned a level 5 spell: Yara's Violent Unravelling
 16332 | Lair:1   | Reached skill level 10 in Summonings
 16442 | Lair:1   | Noticed Joseph
 16555 | Lair:1   | Killed Joseph
 16995 | Lair:1   | Reached skill level 1 in Alchemy
 17006 | Lair:1   | Noticed a catoblepas
 17048 | Lair:1   | Killed a catoblepas
 17049 | Lair:1   | Reached skill level 11 in Dodging
 18236 | Lair:2   | Found a staircase to the Snake Pit.
 18243 | Lair:2   | Mangled by a naga
 18243 | Lair:2   | Lost a life (1 life remaining)
 18828 | Lair:2   | Identified the +1 spear of an ice cave {holy, ^Fragile rN+
                  | Int+4 SInv}
 19039 | Lair:2   | Found a staircase to the Swamp.
 19095 | Lair:2   | You fall into a shaft and drop 1 floor!
 20329 | Lair:4   | Found a viscous altar of Jiyva.
 20330 | Lair:4   | Found a staircase to the Slime Pits.
 20940 | Lair:5   | Entered Level 5 of the Lair of Beasts
 20969 | Lair:5   | Reached skill level 12 in Dodging
 20970 | Lair:5   | Reached XP level 13. HP: 40/71 MP: 25/28
 20970 | Lair:5   | Gained a life (2 lives remaining)
 20978 | Lair:5   | HP: 3/71 [electric eel/bolt of electricity (11)]
 22839 | Lair:5   | Reached skill level 5 in Alchemy
 22857 | Lair:5   | Reached skill level 10 in Fighting
 22857 | Lair:5   | Reached skill level 5 in Unarmed Combat
 24523 | D:1      | Bought a scroll of immolation for 56 gold pieces
 24523 | D:1      | Bought a wand of acid (5) for 294 gold pieces
 25354 | Lair:5   | Reached skill level 13 in Dodging
 26010 | D:12     | Found a sacrificial altar of Ru.
 26264 | D:13     | HP: 2/72 [skeletal warrior/+0 halberd (20)]
 26445 | Orc:1    | Entered Level 1 of the Orcish Mines
 26820 | Orc:1    | Learned a level 4 spell: Olgreb's Toxic Radiance
 26963 | Orc:1    | Noticed an orc warlord
 26984 | Orc:1    | Killed an orc warlord
 27005 | Orc:1    | Found Hehul's Magic Scroll Shop.
 27028 | Orc:1    | Reached XP level 14. HP: 57/79 MP: 1/30
 27308 | Orc:1    | Found Cibuh's Magic Scroll Shoppe.
 27337 | Orc:1    | Bought a scroll of blinking for 112 gold pieces
 27337 | Orc:1    | Bought a scroll of identify for 30 gold pieces
 27337 | Orc:1    | Bought a scroll of identify for 30 gold pieces
 27337 | Orc:1    | Bought a scroll of identify for 30 gold pieces
 27865 | Orc:2    | Entered Level 2 of the Orcish Mines
 28078 | Orc:1    | Reached skill level 14 in Dodging
 28141 | Orc:1    | Found Xaukliong's Jewellery Boutique.
 28181 | Orc:1    | Bought a scroll of identify for 26 gold pieces
 28181 | Orc:1    | Bought a scroll of revelation for 97 gold pieces
 28181 | Orc:1    | Bought a scroll of identify for 26 gold pieces
 28181 | Orc:1    | Bought a scroll of noise for 13 gold pieces
 28450 | Orc:2    | Noticed Sonja
 28463 | Orc:2    | Killed Sonja
 28660 | Orc:2    | Learned a level 3 spell: Tukima's Dance
 28695 | Orc:2    | Shot with a bolt by an orc knight
 28695 | Orc:2    | Lost a life (1 life remaining)
 29877 | Orc:2    | Reached skill level 15 in Dodging
 30002 | Orc:2    | Found Ereot's Book Emporium.
 30005 | Orc:2    | Found Idaut's Antique Weapon Shoppe.
 30007 | Orc:2    | Found Gacunel's Book Shop.
 30011 | Orc:2    | Bought a book of Flames for 420 gold pieces
 30011 | Orc:2    | Bought a book of Storms for 390 gold pieces
 30018 | Orc:2    | Bought a book of the Wilderness for 570 gold pieces
 30024 | Orc:2    | Learned a level 5 spell: Summon Mana Viper
 30031 | Orc:2    | Learned a level 6 spell: Summon Cactus Giant
 30231 | Orc:2    | Found a staircase to the Elven Halls.
 30481 | Elf:1    | Entered Level 1 of the Elven Halls
 31636 | Elf:1    | Noticed a deep elf sorcerer
 31663 | Elf:1    | Killed a deep elf sorcerer
 31811 | Elf:1    | Reached skill level 1 in Translocations
 32124 | Elf:1    | Got Ufuizyv's Anthology of the Mortuary
 32824 | Elf:2    | Reached XP level 15. HP: 78/85 MP: 26/32
 33116 | Lair:2   | Learned a level 5 spell: Summon Forest
 33122 | Snake:1  | Entered Level 1 of the Snake Pit
 33300 | Snake:1  | Reached skill level 16 in Dodging
 33494 | Snake:1  | Bought a coiled lapis lazuli ring for 165 gold pieces
 33494 | Snake:1  | Identified the ring "Mabbesch" {rF+ rC+ Dex+3} (You bought
                  | it in a shop on level 1 of the Snake Pit)
 33494 | Snake:1  | Bought 2 fuming purple potions for 59 gold pieces
 33494 | Snake:1  | Bought a scroll of identify for 66 gold pieces
 34033 | Snake:1  | Reached skill level 5 in Translocations
 34429 | Snake:1  | Identified a scroll of acquirement
 34436 | Snake:1  | Acquired the ring of Eniepori {rC+ Will+ MP+9 Stlth+}
 37770 | Snake:2  | Noticed Vashnia
 37779 | Snake:2  | Shot with a bolt by a naga sharpshooter
 37779 | Snake:2  | Lost a life (0 lives remaining)
 38428 | Snake:3  | Reached XP level 16. HP: 91/91 MP: 30/34
 38428 | Snake:3  | Gained a life (1 life remaining)
 38920 | Snake:3  | Reached skill level 10 in Translocations
 39153 | Snake:3  | Reached skill level 17 in Dodging
 40118 | Snake:4  | Entered Level 4 of the Snake Pit
 40406 | Orc:1    | Bought a scroll of immolation for 60 gold pieces
 40406 | Orc:1    | Bought a scroll of silence for 142 gold pieces
 40406 | Orc:1    | Bought a scroll of teleportation for 45 gold pieces
 40553 | Snake:1  | Bought a scroll of vulnerability for 132 gold pieces
 40620 | Snake:3  | Upgraded the game from 0.31-a0-1529-g7bd419a0e5 to
                  | 0.31-a0-1540-g5a0b83f448
 40688 | Snake:4  | Noticed Bai Suzhen
 41562 | D:13     | Reached skill level 1 in Evocations
 42367 | D:14     | Noticed Lodul
 42374 | D:14     | Killed Lodul
 43334 | D:14     | Found a gate to the Vaults.
 43551 | D:14     | HP: 1/93 [centaur warrior/arrow (28)]
 44473 | D:15     | Entered Level 15 of the Dungeon
 45399 | D:15     | Found a staircase to the Depths.
 45426 | D:15     | Identified the +1 robe "Gaiphyma" {Dex+2}
 45438 | D:15     | Reached skill level 18 in Dodging
 46040 | D:15     | Found Zakyrev's Weapon Shop.
 46267 | D:15     | Learned a level 4 spell: Summon Lightning Spire
 46407 | Swamp:1  | Entered Level 1 of the Swamp
 46407 | Swamp:1  | Noticed Mlioglotl
 46978 | Swamp:1  | Reached skill level 5 in Evocations
 47011 | Swamp:1  | Reached XP level 17. HP: 48/98 MP: 33/35
 47035 | Swamp:1  | Killed Mlioglotl
 48362 | Swamp:1  | Identified the +6 quarterstaff of the End of Times {drain,
                  | *Corrode rElec rPois Dex-5}
 48945 | Swamp:2  | Reached skill level 15 in Fighting
 49073 | Swamp:2  | Noticed Roxanne
 49511 | Swamp:2  | Reached skill level 19 in Dodging
 49974 | Swamp:2  | Noticed Louise
 49987 | Swamp:2  | Killed Louise
 50156 | Swamp:2  | Killed Roxanne
 50369 | Swamp:3  | Reached skill level 1 in Shapeshifting
 52660 | Swamp:4  | Entered Level 4 of the Swamp
 52671 | Swamp:4  | Reached skill level 5 in Shapeshifting
 54525 | Elf:2    | Found a runed translucent gate.
 54526 | Elf:2    | Found a runed translucent gate.
 54526 | Elf:2    | Found a runed translucent gate.
 55945 | Elf:2    | Noticed a deep elf blademaster
 56185 | Elf:2    | Killed a deep elf blademaster
 56203 | Elf:2    | Reached XP level 18. HP: 104/104 MP: 11/36
 57154 | Elf:3    | Entered Level 3 of the Elven Halls
 57171 | Elf:3    | Paralysed by an air elemental for 1 turns
 57429 | Elf:3    | Killed from afar by a deep elf elementalist
 57429 | Elf:3    | Lost a life (0 lives remaining)
 58112 | Elf:3    | Reached skill level 10 in Shapeshifting
 58392 | Elf:3    | Identified the +0 acid dragon scales "Daorhox" {Will+ rCorr
                  | Int+4}
 59261 | Elf:3    | Shot with an arrow by a deep elf master archer

Illustrated notes

Levels and vault maps discovered:
D:1:      lightli_molten_gateway, layout_loops_ring, serial_shops, shop,
          solitary_fountain
D:2:      layout_basic, uniq_robin
D:3:      layout_rooms, ashenzari_conservatory_becter,
          chequers_serial_rivers_micro_c, minivault_26, uniq_natasha
D:4:      layout_loops_ring, mainiacjoe_overflow_cross_hatched,
          ebering_dispersal_statue_hall, kennysheep_nub, kennysheep_dice
D:5:      layout_rooms, lemuel_crystal_altar
D:6:      layout_cave_pods, overflow_temple_1_default,
          minmay_a_box_with_orc_wizards_in_it
D:7:      layout_loops_cross, nemelex_xobeh_ov_fountains_minmay, temple_hall
D:8:      layout_loops_ring
D:9:      layout_loops_ring, cheibriados_altar_1, uniq_psyche, uniq_harold
D:10:     layout_irregular_city
D:11:     layout_grid_maze, lair_entry_dummy, zin_purify
D:12:     layout_long_grid, orc_0_dummy, nicolae_ru_awakened_eye, uniq_jorgrun,
          uniq_josephine
D:13:     layout_stronghold, serial_undead, serial_undead_e, serial_undead_f,
          serial_undead_c, serial_undead_b, minivault_11
D:14:     layout_basic, hellmonk_vaults_keyhole,
          nicolae_kite_square_tiling_tiny, minivault_21, uniq_lodul
D:15:     hangedman_depths_entry_civil_slaughter, layout_basic, serial_shops,
          nicolae_shop_window_shopping, serial_park_square2
Temple:   regret_index_temple_sphere_string
Lair:1:   layout_cave_pods, uniq_joseph
Lair:2:   layout_chaotic_city, swamp_mist_pool, guppyfry_snake_entry_island,
          serial_bayou, serial_bayou_shore_b, serial_bayou_lake_a,
          serial_bayou_pond_c, serial_bayou_shore_b,
          grunt_forest_small_clearings, lemuel_fruit_tree
Lair:3:   layout_chaotic_city, serial_bayou_pond_c, grunt_megastairs_2
Lair:4:   layout_gridlike, slime_entry_1, infiniplex_staircase_pool_2
Lair:5:   minmay_lair_end_frog_pond, layout_loops_ring
Swamp:1:  layout_basic_swamp, evilmike_swamp_ruin_house_5,
          nicolae_swamp_bloodsuckers_inc, uniq_mlioglotl
Swamp:2:  layout_falls_marsh, hangedman_swamp_pad, swamp_pool_1_2, uniq_louise,
          uniq_roxanne
Swamp:3:  layout_basic_swamp, infiniplex_staircase_pool, swamp_pool_1_2,
          nicolae_swamp_spooky_pond
Swamp:4:  swamp, layout_basic_swamp, swamp_pool_3, grunt_hermit_hut,
          nicolae_swamp_decorative_isthmus
Snake:1:  layout_chambers, drop_trap
Snake:2:  layout_gridlike, minmay_shop_mayhem, nicolae_coiled_stairwell_down,
          grunt_megastairs_3, serial_bayou_shore_a, uniq_vashnia
Snake:3:  layout_cave_town, serial_bayou_pond_e, serial_bayou_shore_b,
          serial_bayou_shore_b, grunt_megastairs_1
Snake:4:  hellmonk_snake_rune_quicksilver_temple, layout_onion_interference,
          nicolae_snake_salamander_fort, uniq_bai_suzhen, uniq_aizul,
          uniq_nikola
Orc:1:    layout_caves, serial_shops, nicolae_shop_gaudy_bauble, shop,
          nicolae_shop_crystal, nicolae_orc_stony_grotto
Orc:2:    st_orc_rangers, layout_diamond_mine, basic_altar,
          einodemon_armed_red_devil_minivault, uniq_sonja
Elf:1:    minmay_elf_arrival_summoners, layout_geoelf_octagon,
          infiniplex_enter_wizlab_spiral, minmay_elf_necromancy
Elf:2:    nicolae_elf_blades_crystal_corner, layout_rooms
Elf:3:    minmay_elf_hall_curves, layout_rooms

Skill      XL: |  1  2  3  4  5  6  7  8  9 10 11 12 13 14 15 16 17 18 |
---------------+-------------------------------------------------------+-----
Dodging        | 3 4 6 8 10 12 13 15 16 18 19 | 19.0
Stealth        | 7 8 |  8.0
Unarmed Combat | 3 4 5 |  5.0
Fighting       | 4 5 6 8 9 11 12 13 14 15 | 15.0
Hexes          | 3 5 6 7 |  7.0
Summonings     | 1 3 6 7 8 9 10 12 13 14 | 14.0
Spellcasting   | 1 3 4 6 8 10 11 12 13 | 13.0
Fire Magic     | 2 4 5 |  5.0
Alchemy        | 4 7 |  7.0
Translocations | 2 9 10 | 10.0
Evocations     | 5 7 |  7.8
Shapeshifting  | 8 11 | 11.2

Action                     |  1- 3 |  4- 6 |  7- 9 | 10-12 | 13-15 | 16-18 || total
---------------------------+-------+-------+-------+-------+-------+-------++-------
  Melee: Unarmed           |    12 |   193 |   193 |   228 |   278 |    97 ||  1001
         Bite              |     3 |    25 |    23 |    42 |    50 |    17 ||   160
         Punch             |     1 |     3 |     4 |     9 |    14 |     9 ||    40
   Cast: Jinxbite          |       |    51 |    36 |    36 |    35 |       ||   158
         Summon Small Mamm |       |    26 |    64 |    38 |    19 |     9 ||   156
         Call Canine Famil |       |     1 |    27 |    32 |    28 |    41 ||   129
         Summon Blazeheart |       |       |       |    64 |    95 |    10 ||   169
         Yara's Violent Un |       |       |       |     1 |     7 |    18 ||    26
         Olgreb's Toxic Ra |       |       |       |       |    17 |     2 ||    19
         Tukima's Dance    |       |       |       |       |    83 |     8 ||    91
         Summon Mana Viper |       |       |       |       |    49 |   127 ||   176
         Summon Cactus Gia |       |       |       |       |    44 |   114 ||   158
         Summon Forest     |       |       |       |       |    17 |    87 ||   104
         Summon Lightning  |       |       |       |       |       |     6 ||     6
         Apportation       |       |       |       |       |       |     8 ||     8
 Invoke: Potion Petition   |       |       |       |     3 |     5 |     9 ||    17
         Call Merchant     |       |       |       |       |     1 |       ||     1
  Evoke: Wand              |    16 |       |     1 |     8 |    23 |    13 ||    61
         Lightning rod     |       |       |       |     2 |     2 |       ||     4
         Box of beasts     |       |       |       |       |       |     1 ||     1
    Use: Scroll            |     3 |     3 |       |     9 |    19 |    20 ||    54
         Potion            |     2 |     2 |     1 |     2 |     9 |     6 ||    22
   Stab: Sleeping          |     5 |    14 |     6 |     5 |     1 |     2 ||    33
         Distracted        |       |     2 |     3 |     3 |     2 |     3 ||    13
         Paralysed         |       |       |       |       |     1 |       ||     1
 Armour: Skin              |    10 |    55 |    59 |   118 |   150 |   107 ||   499
  Dodge: Dodged            |    10 |   176 |   190 |   285 |   627 |   321 ||  1609
         Form:             |       |       |       |       |       |     2 ||     2
         Statue            |       |       |       |       |       |     2 ||     2
         Blade             |       |       |       |       |       |     1 ||     1

Table legend: (Time is in decaauts)
 A = Elapsed time spent in this place.
 B = Non-inter-level travel time spent in this place.
 C = Inter-level travel time spent in this place.
 D = Time resting spent in this place.
 E = Time spent auto-exploring this place.
 F = Levels seen in this place.
 G = Mean time per level.
                   A        B        C        D        E       F      G
               +--------+--------+--------+--------+--------+-----+--------+
         Total |  59483 |  56124 |   3359 |  25040 |  19855 |  34 | 1749.5 |
       Dungeon |  22136 |  20864 |   1272 |   6995 |  10084 |  15 | 1475.7 |
        Temple |     50 |      1 |     49 |      0 |      0 |   1 |   50.0 |
          Lair |  10410 |   9750 |    660 |   4884 |   3198 |   5 | 2082.0 |
         Swamp |   6556 |   6338 |    218 |   3214 |   1908 |   4 | 1639.0 |
     Snake Pit |   7649 |   7250 |    399 |   3658 |   2126 |   4 | 1912.2 |
  Orcish Mines |   4344 |   4011 |    333 |   1771 |    878 |   2 | 2172.0 |
   Elven Halls |   8335 |   7909 |    426 |   4516 |   1660 |   3 | 2778.3 |
               +--------+--------+--------+--------+--------+-----+--------+

Top non-repeatable levels by time:
 Snake:1: 3912 daAuts
    D:11: 3472 daAuts
   Elf:1: 3376 daAuts
  Lair:4: 3310 daAuts
 Swamp:3: 3116 daAuts
   Elf:2: 3028 daAuts
 Snake:3: 2704 daAuts
  Lair:2: 2633 daAuts
   Orc:2: 2578 daAuts
  Lair:1: 2098 daAuts
     D:6: 2036 daAuts
   Elf:3: 1930 daAuts
    D:15: 1820 daAuts
    D:13: 1774 daAuts
   Orc:1: 1765 daAuts
